 Seeded DCSS version 0.32-a0-999-gfa1cc04b1d (webtiles) character file.

Game seed: 202404242 (custom seed)

589 Orlauf the Chopper (level 7, -2/55 HPs)
             Began as a Demonspawn Gladiator on Apr 24, 2024.
             Was an Initiate of Qazlal.
             Slain by Grinder (5 damage)
             ... while paralysed by Grinder
             ... on level 5 of the Dungeon.
             The game lasted 00:04:45 (4366 turns).

Orlauf the Chopper (Demonspawn Gladiator)           Turns: 4366, Time: 00:04:46

Health: -2/55      AC:  7    Str: 16    XL:     7   Next: 15%
Magic:  7/7        EV:  2    Int: 11    God:    Qazlal [......]
Gold:   91         SH:  0    Dex: 17    Spells: 6/6 levels left

rFire   . . .        b - +4 mace "Secret Weapon" {speed, Fly rC+ Dex+3}
rCold   + . .        (no shield)
rNeg    . . .        n - +0 scale mail {rPois}
rPois   +            c - +0 helmet
rElec   .            (no cloak)
rCorr   .            (no gloves)
SInv    .            (no boots)
Will    .....        (no amulet) Stlth
                     (no ring)
HPRegen 0.29/turn    (no ring)
MPRegen 0.20/turn

%: no passive effects
@: paralysed, flying
A: hooves 1, demonic guardian 1, magic regeneration, big brain 1
a: Renounce Religion


You were on level 5 of the Dungeon.
You worshipped Qazlal.
Qazlal was noncommittal.
You visited 2 branches of the dungeon, and saw 6 of its levels.

You collected 187 gold pieces.
You spent 96 gold pieces at shops.

Inventory:

Hand Weapons
 a - a +1 war axe
 b - the +4 mace "Secret Weapon" (weapon) {speed, Fly rC+ Dex+3}
   (You found it on level 2 of the Dungeon)

   Dex+3:     It affects your dexterity (+3).
   rC+:       It protects you from cold.
   Fly:       It grants you flight.
Missiles
 d - 4 throwing nets (quivered)
 e - 3 javelins
 p - 2 poisoned darts
Armour
 c - a +0 helmet (worn)
 n - a +0 scale mail of poison resistance (worn)
Wands
 k - a wand of quicksilver (2)
Scrolls
 i - 2 scrolls of enchant weapon
 l - a scroll of noise
 m - a scroll of fear
Potions
 g - a potion of magic {unknown}
 h - a potion of cancellation {unknown}
 j - a potion of might {unknown}
 o - 2 potions of brilliance
 q - 2 potions of enlightenment
 r - a potion of lignification {unknown}
 s - 4 potions of curing


   Skills:
 + Level 4.7 Fighting
 * Level 6.3 Axes
 - Level 1.7 Throwing
 - Level 2.6 Dodging
 + Level 1.1 Invocations


You had 6 spell levels left.
You didn't know any spells.
Your spell library contained the following spells:

 Spells                   Type           Power      Damage    Failure   Level
 Ensorcelled Hibernation  Hex/Ice        0%         N/A       90%         2
 Maxwell's Portable Pile  Tloc           0%         2d(5-13)  99%         3
 Passwall                 Erth           0%         N/A       99%         3
 Swiftness                Air            0%         N/A       99%         3
 Magnavolt                Erth/Air       0%         3d9       100%        7
 Maxwell's Capacitive Co  Air            0%         ∞         100%        8


Dungeon Overview and Level Annotations

Branches:
Dungeon (5/15)             Temple (1/1) D:5

Altars:
Ashenzari
Cheibriados
Fedhas
Hepliaklqana
Kikubaaqudgha
Makhleb
Okawaru
Qazlal
Ru
Sif Muna
Trog
Vehumet
Xom

Shops:
D:3 *   D:4 !

Annotations:
D:5 Grinder


Innate Abilities, Weirdness & Mutations

You have large cloven feet.
A weak demonic guardian rushes to your aid.
You regenerate magic rapidly.
You have an unusually large brain. (Int +2)


Message History

Your Invocations skill increases to level 1!
Grinder gestures at you. Pain shoots through your body! Grinder hits you.
You writhe in agony.
You are too injured to fight recklessly!
You are too injured to fight recklessly!
You barely miss Grinder.
Grinder is heavily wounded.
Grinder blinks!
Grinder hits you but does no damage.
You hit Grinder. You kick Grinder, but do no damage.
Grinder is heavily wounded.
Grinder hits you but does no damage.
You barely miss Grinder. Your kick misses Grinder.
Grinder is heavily wounded.
Grinder blinks!
You thump Grinder!
Grinder is almost dead.
You barely miss Grinder. Your kick misses Grinder.
Grinder is almost dead.
Grinder hits you!
You writhe in agony.
* * * LOW HITPOINT WARNING * * *
You barely miss Grinder. Your kick misses Grinder.
Grinder is almost dead.
Grinder gestures at you.
You suddenly lose the ability to move!
Grinder hits you.
* * * LOW HITPOINT WARNING * * *
A demonic guardian appears!
Grinder gestures at you. Pain shoots through your body!
* * * LOW HITPOINT WARNING * * *
Grinder gestures at you. You resist with significant effort.
Grinder says, "There's only one good use for a tongue: cutting it out."
Grinder hits you.
* * * LOW HITPOINT WARNING * * *
You writhe in agony.
You die...
Grinder says, "Now the real fun starts!"

#.#.# #.##.###### #.#.#
#.##.#..... #.#.# #.##.#.####
#.#.# #.##.#.# ############
#.#.# #....#.#
P♣P♣PßP♣P♣P♣####.#.#########.#
...............#.#...........#
P♣P♣PßP♣P♣P♣##.5.........#####
##############.5@..#.#.)......
#.#...#.#.#..#####
[.####.#.#.#.#.... ####.
#........#.>.#..[.... .....
#...#...#.#.#.#.#.... ##### #.
+....#.#.#..#.###
#.....#5#...# # ##.... .....#
##### W.####


You could see Grinder (ally target) and a friendly iron imp (summoned).

Vanquished Creatures
  Duvessa (D:4)
  An ogre (D:4)
  A phantom (D:5)
  Dowan (D:4)
  2 orc priests
  A sleepcap (D:4)
  Terence (D:2)
  4 gnolls
  4 adders
  A white imp (D:5)
  A dart slug (D:1)
  3 ribbon worms
  5 orcs
  10 endoplasms
  A giant cockroach (D:4)
  9 goblins
  7 hobgoblins
  2 jackals (D:1)
  A quokka (D:4)
  11 ball pythons
  A bat (D:1)
  10 frilled lizards
  3 kobolds
  6 rats
87 creatures vanquished.

Notes
Turn   | Place    | Note
-------+----------+-------------------------------------------
     0 | D:1      | Orlauf the Demonspawn Gladiator began the quest for the
                  | Orb.
     0 | D:1      | Reached XP level 1. HP: 16/16 MP: 1/1
   154 | D:1      | Reached skill level 3 in Axes
   159 | D:1      | Gained mutation: You regenerate magic rapidly. [demonic
                  | ancestry]
   159 | D:1      | Reached XP level 2. HP: 9/22 MP: 2/2
   461 | D:1      | Gained mutation: You have large cloven feet. [demonic
                  | ancestry]
   461 | D:1      | Reached XP level 3. HP: 28/28 MP: 3/3
  1037 | D:2      | Identified the +4 mace "Secret Weapon" {speed, Fly rC+
                  | Dex+3}
  1164 | D:2      | Noticed Terence
  1174 | D:2      | Killed Terence
  1175 | D:2      | Reached skill level 4 in Axes
  1175 | D:2      | Gained mutation: You have an unusually large brain. (Int
                  | +2) [demonic ancestry]
  1175 | D:2      | Reached XP level 4. HP: 33/35 MP: 4/4
  1676 | D:3      | Found Sukuck's General Store.
  1714 | D:3      | Found an iron altar of Okawaru.
  1764 | D:3      | Reached XP level 5. HP: 41/41 MP: 5/5
  2768 | D:4      | Found an ancient bone altar of Kikubaaqudgha.
  2804 | D:4      | Noticed Dowan
  2805 | D:4      | Noticed Duvessa
  2836 | D:4      | Killed Duvessa
  2837 | D:4      | Reached skill level 5 in Axes
  2837 | D:4      | Reached XP level 6. HP: 8/48 MP: 6/6
  2840 | D:4      | Killed Dowan
  3719 | D:4      | Reached skill level 6 in Axes
  3774 | D:4      | Found Nagats's Distillery.
  3782 | D:4      | Bought a potion of curing for 36 gold pieces
  3782 | D:4      | Bought a potion of heal wounds for 60 gold pieces
  4172 | D:5      | Entered Level 5 of the Dungeon
  4201 | D:5      | Found a staircase to the Ecumenical Temple.
  4214 | Temple   | Entered the Ecumenical Temple
  4239 | Temple   | Became a worshipper of Qazlal Stormbringer
  4331 | D:5      | Noticed Grinder
  4347 | D:5      | Gained mutation: A weak demonic guardian rushes to your
                  | aid. [demonic ancestry]
  4347 | D:5      | Reached XP level 7. HP: 17/55 MP: 7/7
  4354 | D:5      | Reached skill level 1 in Invocations
  4362 | D:5      | Paralysed by Grinder for 4 turns
  4366 | D:5      | Slain by Grinder

Illustrated notes

Levels and vault maps discovered:
D:1:      dpeg_arrival_houses_and_road, layout_basic, minmay_stone_trees_small,
          minmay_tetromino_o4
D:2:      layout_loops_ring, mrwooster_statue_mirror, uniq_terence
D:3:      wad_lake_hut, layout_basic, okawaru_metal_pillars_3, serial_shops,
          shop_statue
D:4:      layout_layer_cave, general_overflow_altar, serial_shops,
          nicolae_shop_pleasant_corner_grove, uniq_duvessa
D:5:      layout_basic, grunt_dithmenos_shadows, minmay_temple_entry_grid,
          dreamdust_princess_corridor, minmay_misc_feat_alley,
          kennysheep_generic_room_13, uniq_pikel, uniq_edmund, uniq_grinder
Temple:   oiseaux_autumnal_temple

Skill      XL: |  1  2  3  4  5  6  7 |
---------------+----------------------+-----
Axes           | 3 4 5 6 |  6.3
Fighting       | 3 4 |  4.7
Invocations    | 1 |  1.1
Throwing       | |  1.7
Dodging        | |  2.6

Action                     |  1- 3 |  4- 6 |  7- 9 || total
---------------------------+-------+-------+-------++-------
  Melee: War axe           |    95 |    45 |       ||   140
         Kick              |    11 |    30 |     1 ||    42
         Mace              |     6 |    67 |    12 ||    85
  Throw: Throwing net      |       |     2 |       ||     2
  Evoke: Wand              |       |     3 |       ||     3
    Use: Scroll            |       |     9 |       ||     9
         Potion            |       |     2 |     1 ||     3
 Armour: Leather armour    |    36 |       |       ||    36
         Scale mail        |    34 |    70 |    11 ||   115
  Dodge: Dodged            |    55 |    45 |       ||   100

Table legend: (Time is in decaauts)
 A = Elapsed time spent in this place.
 B = Non-inter-level travel time spent in this place.
 C = Inter-level travel time spent in this place.
 D = Time resting spent in this place.
 E = Time spent auto-exploring this place.
 F = Levels seen in this place.
 G = Mean time per level.
                   A        B        C        D        E       F      G
               +--------+--------+--------+--------+--------+-----+--------+
         Total |   4388 |   4180 |    208 |    137 |   3437 |   6 |  731.3 |
       Dungeon |   4337 |   4179 |    158 |    137 |   3437 |   5 |  867.4 |
        Temple |     50 |      1 |     49 |      0 |      0 |   1 |   50.0 |
               +--------+--------+--------+--------+--------+-----+--------+

Top non-repeatable levels by time:
     D:4: 1620 daAuts
     D:1: 1022 daAuts
     D:3: 886 daAuts
     D:2: 666 daAuts
     D:5: 141 daAuts
  Temple: 50 daAuts
